Map: [ESL] Hecate

Players

Clem - Winner!

  • Race: Terran Terran
  • Spawn Location: 1:00

Wayne

  • Race: Zerg Zerg
  • Spawn Location: 7:00

Event: ESL SC2 Masters 2023 Winter (Regional)

VOD

Have the link to the VOD?

Description

Time

  • Played on: Oct. 28, 2023, 11:56 a.m.
  • Length: 10:04

All games in this series

Show
View Real Time Build Order
Export as new Build Order

Clem Terran - Winner!

Build Orders: Liberator Opening, Reaper Expand 

Get SALT Encoding   

  12  0:00  SCV  
  13  0:12  SCV  
  14  0:17  Supply Depot  
  14  0:24  SCV  
  15  0:38  SCV  
  15  0:39  Barracks  
  16  0:42  Refinery  
  16  0:50  SCV  
  17  1:02  SCV  
  18  1:15  SCV  
  19  1:26  Reaper  
  19  1:28  Orbital Command  
  20  1:38  Command Center  
  20  1:46  Supply Depot  
  20  1:53  SCV  
  21  1:58  Marine  
  22  2:05  SCV  
  23  2:09  Factory  
  23  2:15  Refinery  
  23  2:17  SCV  
  23  2:19  Barracks Reactor  
  24  2:29  SCV  
  25  2:41  SCV  
  26  2:50  Orbital Command  
  26  2:53  SCV, Starport  
  27  3:00  Hellion x2  
  31  3:05  SCV  
  32  3:15  SCV  
  32  3:18  SCV  
  32  3:19  Supply Depot  
  34  3:21  Cyclone x2  
  38  3:28  SCV  
  38  3:30  SCV  
  40  3:34  Barracks Tech Lab  
  40  3:40  SCV  
  40  3:42  Liberator, SCV  
  40  3:45  Supply Depot  
  44  3:52  SCV  
  44  3:54  Hellion x2, SCV  
  50  4:02  Stimpack  
  50  4:04  SCV  
  50  4:06  SCV  
  50  4:08  Supply Depot  
  52  4:14  Marine  
  52  4:15  Hellion x2  
  52  4:16  SCV  
  58  4:18  SCV  
  59  4:28  SCV  
  59  4:30  Command Center, SCV  
  61  4:33  Supply Depot, Marine  
  62  4:40  SCV  
  62  4:42  SCV  
  64  4:45  Barracks  
  64  4:46  Factory Tech Lab  
  64  4:49  Barracks  
  64  4:51  Marine  
  64  4:52  SCV  
  64  4:54  SCV  
  64  4:57  Supply Depot  
  65  5:04  SCV  
  65  5:06  Siege Tank, SCV  
  68  5:10  Engineering Bay  
  68  5:11  Marine  
  68  5:12  Engineering Bay  
  69  5:15  Refinery  
  69  5:16  SCV  
  69  5:17  Refinery  
  69  5:19  SCV  
  71  5:24  Supply Depot  
  71  5:28  Marine  
  71  5:30  SCV  
  71  5:32  Barracks  
  71  5:33  SCV  
  71  5:34  Starport Reactor  
  71  5:35  Barracks, Marine x2  
  49  5:42  Orbital Command  
  76  5:43  Barracks Reactor  
  76  5:48  Siege Tank  
  76  5:49  SCV x2  
  81  5:51  Marine  
  81  5:53  Marine  
  81  5:55  Terran Infantry Weapons Level 1  
  83  6:00  Terran Infantry Armor Level 1  
  83  6:01  SCV  
  83  6:02  Marine  
  85  6:06  Orbital Command, SCV  
  85  6:08  Marine  
  85  6:11  Marine, Supply Depot  
  88  6:13  SCV  
  88  6:14  Medivac  
  88  6:17  Medivac  
  93  6:18  SCV  
  93  6:22  Barracks Reactor  
  93  6:23  Barracks Reactor  
  94  6:27  Supply Depot x2  
  94  6:29  SCV  
  94  6:30  SCV  
  99  6:32  Siege Tank  
  99  6:35  Marine  
  99  6:36  SCV  
  101  6:41  Marine x2, SCV  
  101  6:42  Marine  
  101  6:43  SCV  
  106  6:48  Supply Depot  
  106  6:49  Marine  
  106  6:51  Medivac  
  106  6:52  Medivac  
  99  6:56  SCV  
  99  6:57  Marine, SCV x2  
  99  7:00  Marine x3  
  106  7:02  Combat Shield  
  106  7:04  Marine x2  
  106  7:05  Marine  
  106  7:06  Marine  
  110  7:09  SCV  
  110  7:10  Supply Depot  
  110  7:12  Siege Tank  
  110  7:13  SCV  
  110  7:15  SCV  
  116  7:16  Marine x2  
  116  7:20  Armory  
  116  7:21  SCV  
  116  7:25  SCV  
  116  7:26  Marine  
  116  7:28  Missile Turret  
  116  7:29  Missile Turret x2  
  118  7:31  Marine, Medivac  
  118  7:32  Marine  
  118  7:34  Marine  
  123  7:39  Marine x4  
  116  7:44  Marine  
  116  7:45  Siege Tank  
  116  7:46  Medivac  
  116  7:49  Marine  
  114  7:53  Marine x2  
  114  7:54  Marine  
  114  7:56  Barracks x2  
  114  7:58  Barracks  
  117  8:00  Marine x3  
  117  8:01  Marine  
  117  8:04  Supply Depot  
  117  8:05  Marine, Supply Depot  
  121  8:08  Medivac  
  124  8:14  Marine x3  
  124  8:15  Missile Turret, Supply Depot  
  124  8:17  Siege Tank, Marine  
  124  8:18  Marine  
  131  8:22  Marine x2  
  131  8:23  Marine  
  131  8:26  Marine  
  133  8:31  Marine x2  
  133  8:32  Marine, SCV  
  133  8:34  Marine  
  133  8:35  SCV, Supply Depot  
  133  8:36  SCV, Marine  
  133  8:40  Marine  
  133  8:41  Marine  
  139  8:43  Marine  
  139  8:46  Medivac  
  139  8:47  Marine x2  
  143  8:53  Marine  
  143  8:54  Refinery  
  144  8:55  Marine  
  144  8:56  Supply Depot, Marine x2  
  144  8:57  Marine  
  144  8:58  Bunker  
  145  9:04  Marine x2  
  145  9:05  Marine x2  
  145  9:06  Marine  
  145  9:08  Siege Tank, Marine  
  145  9:09  Marine  
  155  9:11  Marine  
  155  9:13  Marine  
  155  9:15  Command Center  
  157  9:19  Factory, Marine  
  157  9:21  Marine x2  
  157  9:22  Marine  
  161  9:27  Medivac  
  161  9:31  Marine x3  
  150  9:34  Medivac  
  150  9:35  Marine x5  
  150  9:37  Marine  
  154  9:39  Marine  
  154  9:41  Refinery  
  154  9:42  Marine  
  154  9:43  Marine  
Show
View Real Time Build Order
Export as new Build Order

Wayne Zerg 

Build Orders: Hatch First 

Get SALT Encoding   

  12  0:00  Drone  
  13  0:11  Overlord  
  13  0:17  Drone  
  14  0:30  Drone x2  
  16  0:47  Hatchery  
  15  0:50  Drone  
  15  0:54  Drone  
  18  0:57  Drone  
  18  1:08  Extractor  
  17  1:13  Spawning Pool  
  17  1:15  Drone  
  18  1:18  Drone  
  18  1:27  Drone  
  19  1:38  Drone  
  20  1:48  Drone  
  21  1:59  Queen x2  
  21  2:01  Zergling x4  
  27  2:10  Overlord  
  27  2:12  Drone, Metabolic Boost  
  28  2:27  Hatchery  
  27  2:30  Drone  
  27  2:34  Drone  
  29  2:38  Drone  
  29  2:39  Drone  
  30  2:44  Queen  
  30  2:49  Overlord  
  32  2:52  Zergling x2  
  32  2:55  Zergling x2  
  32  2:56  Zergling x2  
  35  3:08  Drone x2  
  35  3:12  Drone x3  
  40  3:16  Drone  
  40  3:19  Drone  
  42  3:20  Queen  
  44  3:30  Overlord  
  44  3:36  Drone  
  44  3:40  Extractor, Roach Warren  
  42  3:42  Drone x5  
  47  3:50  Zergling x4  
  47  3:54  Overlord  
  49  3:57  Drone x4  
  53  4:04  Queen  
  53  4:06  Overlord  
  55  4:14  Drone x3  
  58  4:20  Overlord  
  58  4:25  Overlord  
  58  4:28  Drone x2  
  58  4:29  Lair  
  58  4:30  Extractor  
  60  4:31  Drone x2  
  60  4:34  Roach  
  60  4:35  Roach  
  65  4:42  Spore Crawler  
  65  4:45  Zergling x10  
  66  4:52  Zergling x6  
  67  4:55  Drone  
  67  4:57  Drone x2  
  67  4:59  Drone  
  71  5:06  Overlord, Ravager  
  68  5:09  Zergling x2, Roach  
  68  5:12  Drone  
  69  5:18  Drone x5  
  74  5:23  Overlord  
  74  5:30  Roach x3  
  80  5:37  Spire  
  80  5:38  Queen  
  80  5:39  Extractor  
  81  5:42  Drone  
  81  5:43  Drone, Extractor  
  81  5:44  Extractor  
  81  5:45  Drone x2  
  81  5:48  Drone x2  
  81  5:49  Drone  
  85  5:52  Drone x2  
  85  5:53  Drone  
  85  5:55  Drone  
  89  5:58  Drone x2  
  89  5:59  Drone  
  89  6:02  Overlord  
  89  6:04  Drone  
  93  6:07  Drone  
  93  6:08  Baneling Nest  
  93  6:12  Drone x2  
  93  6:13  Overlord  
  95  6:21  Hatchery  
  94  6:26  Ravager x2  
  94  6:27  Zergling x14  
  94  6:31  Overlord  
  102  6:35  Zergling x10  
  107  6:43  Overlord  
  105  6:49  Zergling x6  
  103  6:54  Mutalisk x3  
  103  6:55  Mutalisk  
  103  6:57  Centrifugal Hooks  
  103  6:59  Mutalisk x3  
  117  7:05  Drone  
  117  7:08  Evolution Chamber x2, Overlord  
  117  7:10  Mutalisk x2  
  117  7:12  Zergling x4  
  122  7:20  Zergling x6  
  125  7:28  Drone  
  125  7:29  Mutalisk  
  128  7:34  Overlord  
  128  7:42  Hatchery  
  115  7:46  Zergling x18  
  115  7:49  Zerg Melee Weapons Level 1, Zerg Ground Armor Level 1  
  116  7:53  Mutalisk x2  
  117  7:58  Zergling x6  
  117  8:03  Zergling x10  
  125  8:07  Zergling x8  
  125  8:08  Queen  
  131  8:17  Drone x3  
  134  8:24  Overlord  
  134  8:29  Extractor  
  134  8:30  Overlord  
  134  8:31  Drone x2  
  134  8:32  Extractor  
  132  8:37  Drone x4  
  132  8:38  Drone x2  
  132  8:39  Zergling x2  
  132  8:40  Zergling x4  
  139  8:44  Baneling x16  
  139  8:53  Overlord  
  141  8:56  Mutalisk x4  
  145  9:04  Zergling x4  
  145  9:05  Baneling  
  145  9:06  Mutalisk x2, Baneling x3  
  147  9:12  Mutalisk x4  
  147  9:17  Zergling x10  
  158  9:24  Zergling x10  
  135  9:33  Zergling x8  
  135  9:36  Baneling x3  
  135  9:37  Mutalisk x4, Baneling x2  
  133  9:40  Baneling x2  
  133  9:44  Baneling x3  
Tags
 
Add a new tag
Caveats
  • Supply blocks, unpowered buildings, or Contaminate may cause inaccurate times.
  • Supply counts are checked every 10 seconds.